 Dungeon Crawl Stone Soup version 0.17.0-22-g5edae84 (webtiles) character file.

2394 inmateoo the Covert (level 9, -3/41 HPs)
             Began as a Felid Artificer on Nov 12, 2015.
             Was an Elder of Makhleb.
             Killed from afar by an efreet (27 damage)
             ... with a fireball
             ... on level 10 of the Dungeon.
             The game lasted 00:26:07 (14302 turns).

inmateoo the Covert (Felid Artificer)              Turns: 14302, Time: 00:26:08

Health: -3/41      AC:  2    Str:  7    XL:     9   Next: 22%
Magic:  18/18      EV: 26    Int: 13    God:    Makhleb [****..]
Gold:   79         SH:  0    Dex: 21    Spells: 4 memorised, 10 levels left
                                        Lives:  0   Deaths: 3

rFire  . . .     SeeInvis +       - Unarmed
rCold  . . .     Clarity  .     (armour unavailable)
rNeg   . . .     SustAt   +     (shield unavailable)
rPois  .         Gourm    .     (helmet unavailable)
rElec  .         Spirit   .     (cloak unavailable)
rCorr  .         Warding  .     (gloves unavailable)
rMut   .         Stasis   .     (boots unavailable)
MR     +....                    (no amulet)
Stlth  ++++++....               (no ring)
                                k - ring of sustain attributes

@: shrouded (expiring), quick, somewhat resistant to hostile enchantments, very
stealthy
A: no armour, no weapons or thrown items, claws 1, fangs 3, see invisible,
carnivore 3, speed 1, mutation resistance 1, shaggy fur 2, slow metabolism 1,
sharp paws
a: Minor Destruction, Lesser Servant of Makhleb, Major Destruction, Renounce
Religion


You were on level 10 of the Dungeon.
You worshipped Makhleb.
Makhleb was greatly pleased with you.
You were not hungry.

You visited 2 branches of the dungeon, and saw 11 of its levels.

You collected 521 gold pieces.
You spent 442 gold pieces at shops.

Inventory:

Jewellery
 k - a ring of sustain attributes (left paw)
 p - an uncursed ring of teleportation
 q - an uncursed ring of fire
 C - an uncursed amulet of stasis
Wands
 a - a wand of flame (1)
 b - a wand of enslavement (0)
 c - a wand of random effects (0)
 m - a wand of magic darts (1)
Scrolls
 f - a scroll of blinking
 g - 2 scrolls of remove curse
 i - a scroll of recharging
 j - a scroll of amnesia
 n - a scroll of fog
 r - 4 scrolls of teleportation
 u - 2 scrolls of magic mapping
 w - a scroll of fear
 y - a scroll of identify
Potions
 s - 4 potions of flight
 z - a potion of cancellation
 A - 2 potions of cure mutation
 D - a potion of magic
 E - a potion of curing
Books
 e - a book of Debilitation

   Spells                             Type                      Level
   a - Corona                         Hexes                        1
   b - Slow                           Hexes                        2
   c - Gell's Gravitas                Hexes/Translocation          3
   d - Inner Flame                    Hexes/Fire                   3
   e - Cause Fear                     Hexes                        4
   f - Leda's Liquefaction            Hexes/Earth                  4
Comestibles
 d - 9 meat rations
 h - a slice of pizza
 t - 3 beef jerkies
 v - 2 royal jellies


   Skills:
 + Level 5.9 Fighting
 + Level 8.2 Dodging
 * Level 10.3 Stealth
 * Level 8.9 Unarmed Combat
 + Level 5.6 Spellcasting
 + Level 7.0 Translocations
 + Level 7.1 Evocations


You had 10 spell levels left.
You knew the following spells:

 Your Spells              Type           Power        Failure   Level  Hunger
a - Apportation           Tloc           ###.......   1%          1    None
b - Blink                 Tloc           N/A          1%          2    ##.....
c - Shroud of Golubria    Chrm/Tloc      ##........   10%         2    ##.....
d - Passage of Golubria   Tloc           N/A          12%         4    ####...


Dungeon Overview and Level Annotations

Branches:
Dungeon (10/15)            Temple (1/1) D:6            Lair (0/8) D:9
    Orc: D:9-12

Altars:
Ashenzari
Cheibriados
Dithmenos
Elyvilon
Fedhas
Gozag
Kikubaaqudgha
Makhleb
Nemelex Xobeh
Okawaru
Qazlal
Ru
Sif Muna
Trog
Vehumet
Xom
Yredelemnul
Zin
The Shining One

Shops:
D:4 %   D:8 [   D:9 *   D:10 !

Annotations:
D:10 Maud


Innate Abilities, Weirdness & Mutations

You cannot wear armour.
You are incapable of wielding weapons or throwing items.
You have sharp claws.
You have razor-sharp teeth.
You have supernaturally acute eyesight.
You are carnivorous and can eat meat at any time.
You cover ground quickly.
You are covered in thick fur (AC +2).
You have a slow metabolism.
Your sharp claws are effective at attacking unaware monsters.
You are somewhat resistant to further mutation.


Message History

You claw the efreet, but do no damage. You bite the efreet.
The efreet is moderately wounded.
Your orange demon stings the efreet but does no damage.
Your orange demon closely misses the efreet.
The efreet closely misses you.
You scratch the efreet but do no damage.
The efreet is moderately wounded.
Your orange demon stings the efreet.
Your orange demon hits the efreet.
The efreet misses you.
You claw the efreet! You bite the efreet, but do no damage.
The efreet is severely wounded.
Your shroud begins to fray at the edges.
Your orange demon stings the efreet but does no damage.
Your orange demon hits the efreet.
You barely miss the efreet.
The efreet is severely wounded.
The efreet gestures at you.
The fireball explodes!
The fireball engulfs you!
Ouch! That really hurt!
You die...

#.#####.#.#.# #
#.######...######
#................
#########..#####...####..
§§R...§..>.# ##.## #...
########..÷## #.# #((.
####..4....# #.# #...
#......R...#####.#####..
##.##...@......##.......#
#.........>.......#####.(
#..##.......##.##.# ###.
#..##.......##.##.# #...
#.####..##.......##.##.#
#.#)
#.............#####.##.#
#.## #####..#######
#.##.# #.# ## #..# #.##.#
#.# .########..#
#.##.####.##


You could see an efreet and a friendly orange demon.

Vanquished Creatures
  An unseen horror (D:10)
  A hill giant (D:10)
  Joseph (D:8)
  A troll (D:9)
  A deep elf mage (D:10)
  A spriggan (D:7)
  4 yaks (D:10)
  2 hungry ghosts
  A wyvern (D:9)
  2 hippogriffs
  A soldier ant (D:10)
  2 wolves (D:9)
  2 orc warriors
  A black bear (D:7)
  3 phantoms
  3 sky beasts
  2 water moccasins
  An ice beast (D:10)
  7 ogres
  A crocodile (D:9)
  5 centaurs
  3 giant frogs
  A gnoll sergeant (D:7)
  3 big kobolds
  8 scorpions
  4 killer bees (D:10)
  2 electric eels (D:9)
  8 wights
  3 crimson imps
  6 orc wizards
  10 hounds
  A giant frog skeleton (D:8)
  2 iguanas
  An iron imp (D:5)
  A jelly (D:10)
  5 orc priests
  A centaur skeleton (D:6)
  3 worker ants
  A killer bee zombie (D:10)
  Robin (D:3)
  9 adders
  10 gnolls
  4 adder skeletons
  3 worms
  4 giant geckos
  29 orcs
  4 ball pythons
  6 bats
  13 goblins
  2 hobgoblins (D:3)
  6 jackals
  4 giant cockroaches
  A giant gecko zombie (D:6)
  6 giant newts
  2 jackal skeletons
  18 kobolds
  4 quokkas
  2 quokka skeletons
  7 rats
241 creatures vanquished.

Vanquished Creatures (collateral kills)
  A giant frog zombie (D:5)
  A jelly (D:4)
  An orc priest (D:5)
  A gnoll (D:3)
  A worm (D:5)
  2 giant geckos
  2 orcs (D:3)
  A goblin (D:3)
10 creatures vanquished.

Vanquished Creatures (others)
  An orc priest (D:4)
  A worker ant (D:4)
  5 sheep (D:9)
  An adder (D:3)
  A fungus (D:6)
9 creatures vanquished.

Grand Total: 260 creatures vanquished

Notes
Turn   | Place    | Note
--------------------------------------------------------------
     0 | D:1      | inmateoo the Felid Artificer began the quest for the Orb.
     0 | D:1      | Reached XP level 1. HP: 9/9 MP: 4/4
   365 | D:1      | Reached XP level 2. HP: 12/12 MP: 5/5
  1000 | D:2      | Reached XP level 3. HP: 7/15 MP: 6/6
  2519 | D:3      | Reached skill level 1 in Spellcasting
  2700 | D:3      | Noticed Robin
  2831 | D:3      | Reached XP level 4. HP: 19/19 MP: 7/7
  3258 | D:3      | Killed Robin
  4222 | D:4      | Noticed an ogre
  4240 | D:4      | Killed an ogre
  4240 | D:4      | Reached XP level 5. HP: 17/22 MP: 8/8
  4388 | D:4      | Noticed an ogre
  4395 | D:4      | Killed an ogre
  4395 | D:4      | Gained mutation: You are covered in thick fur (AC +2). [Felid growth]
  4395 | D:4      | Reached XP level 6. HP: 26/26 MP: 9/9
  4481 | D:4      | Reached skill level 4 in Dodging
  4531 | D:4      | Noticed a phantom
  4829 | D:4      | Found Eklidghao's Food Shop.
  4864 | D:4      | Killed a phantom
  5059 | D:4      | Found a basalt altar of Yredelemnul.
  5292 | D:5      | Entered Level 5 of the Dungeon
  5348 | D:5      | Found a glowing golden altar of the Shining One.
  5429 | D:5      | Reached XP level 7. HP: 25/30 MP: 11/11
  5627 | D:5      | Found a snail-covered altar of Cheibriados.
  6139 | D:6      | Reached skill level 5 in Unarmed Combat
  6151 | D:6      | Learned a level 1 spell: Apportation
  6154 | D:6      | Learned a level 2 spell: Blink
  6157 | D:6      | Learned a level 2 spell: Shroud of Golubria
  6162 | D:6      | Learned a level 4 spell: Passage of Golubria
  6306 | D:6      | Reached skill level 5 in Dodging
  6323 | D:6      | Reached XP level 8. HP: 34/34 MP: 13/13
  6342 | D:6      | Reached skill level 1 in Translocations
  7032 | D:6      | Reached skill level 5 in Stealth
  7087 | D:6      | Found a staircase to the Ecumenical Temple.
  7117 | D:6      | Found a shadowy altar of Dithmenos.
  7120 | D:6      | Found a deep blue altar of Sif Muna.
  7156 | Temple   | Entered the Ecumenical Temple
  7215 | D:6      | Found an iron altar of Okawaru.
  7218 | D:6      | Found a glowing silver altar of Zin.
  7316 | D:6      | Found a burning altar of Makhleb.
  7319 | D:6      | Became a worshipper of Makhleb the Destroyer
  8141 | D:6      | Mangled by a black bear
  8142 | D:6      | Reached XP level 7. HP: -6/32 MP: 13/13
  8216 | D:7      | Reached skill level 6 in Unarmed Combat
  8225 | D:7      | Reached skill level 5 in Evocations
  8416 | D:7      | Reached * piety under Makhleb
  8416 | D:7      | Reached XP level 8. HP: 15/36 MP: 12/14
  9164 | D:5      | Reached ** piety under Makhleb
 10088 | D:8      | Reached skill level 7 in Stealth
 10182 | D:8      | Found a blossoming altar of Fedhas.
 10184 | D:8      | Found a stormy altar of Qazlal.
 10218 | D:8      | Reached XP level 9. HP: 39/39 MP: 16/16
 10249 | D:8      | Noticed Joseph
 10304 | D:8      | Killed Joseph
 10327 | D:8      | Found Qygrat's Antique Armour Shop.
 10829 | D:8      | Reached skill level 8 in Stealth
 10950 | D:8      | Reached skill level 5 in Translocations
 11204 | D:8      | Found a radiant altar of Vehumet.
 11280 | D:9      | Found Kuprov's General Store.
 11286 | D:9      | Reached skill level 5 in Fighting
 11314 | D:9      | Found a sacrificial altar of Ru.
 11765 | D:9      | Reached *** piety under Makhleb
 11786 | D:9      | Reached XP level 10. HP: 19/44 MP: 15/18
 12280 | D:9      | Found a shimmering altar of Xom.
 12379 | D:9      | Found a staircase to the Lair.
 12603 | D:9      | Reached skill level 9 in Stealth
 12658 | D:9      | Reached skill level 5 in Spellcasting
 12717 | D:10     | Entered Level 10 of the Dungeon
 12749 | D:10     | Found Niozaz's Distillery.
 12757 | D:10     | Bought a potion of mutation for 37 gold pieces
 12757 | D:10     | Bought a potion of curing for 45 gold pieces
 12757 | D:10     | Bought 2 potions of haste for 300 gold pieces
 12757 | D:10     | Bought a potion of might for 60 gold pieces
 12757 | D:10     | Gained mutation: You are somewhat resistant to further mutation. [potion of mutation]
 12877 | D:10     | Reached **** piety under Makhleb
 12912 | D:10     | Noticed a hill giant
 12916 | D:10     | Killed a hill giant
 13048 | D:10     | HP: 2/44 [poisoned by a killer bee]
 13716 | D:9      | Slain by a troll
 13717 | D:9      | Reached XP level 9. HP: -3/40 MP: 18/18
 13778 | D:9      | Reached skill level 10 in Stealth
 13822 | D:10     | Reached XP level 10. HP: 45/45 MP: 19/19
 13982 | D:10     | Noticed Maud
 14209 | D:10     | Noticed an unseen horror
 14218 | D:10     | Killed an unseen horror
 14235 | D:10     | Demolished by Maud
 14236 | D:10     | Reached XP level 9. HP: -15/41 MP: 18/18
 14302 | D:10     | Killed from afar by an efreet

Action                   |  1- 3 |  4- 6 |  7- 9 | 10-12 || total
-------------------------+-------+-------+-------+-------++-------
Melee: Unarmed           |   100 |   185 |   533 |   165 ||   983
 Cast: Shroud of Golubri |       |       |    17 |     6 ||    23
       Blink             |       |       |     2 |       ||     2
       Passage of Golubr |       |       |       |     1 ||     1
Invok: Lesser Servant of |       |       |     1 |       ||     1
       Minor Destruction |       |       |       |     2 ||     2
Evoke: Wand              |     5 |    32 |    18 |     7 ||    62
  Use: Scroll            |       |    16 |     3 |     2 ||    21
       Potion            |       |       |     5 |     8 ||    13
 Stab: Sleeping          |    11 |     2 |    32 |     8 ||    53
       Betrayed ally     |       |     1 |     1 |       ||     2
       Paralysed         |       |       |     1 |       ||     1
       Distracted        |       |       |       |     3 ||     3
  Eat: Chunk             |     9 |     5 |    19 |     5 ||    38
